 Dungeon Crawl Stone Soup version 0.27-a0-1273-gec92ba881d (webtiles) character file.

Game seed: 15002845409936491732

66 robertstho the Magician (level 4, 0/46 HPs)
             Began as a Djinni Fire Elementalist on June 11, 2021.
             Slain by a gnoll
             ... wielding a +0 spear
              (2 damage)
             ... on level 3 of the Dungeon.
             The game lasted 00:02:07 (2345 turns).

robertstho the Magician (Djinni Fire Elementalist)  Turns: 2345, Time: 00:02:08

Health: 0/46       AC:  2    Str:  7    XL:     4   Next: 37%
Gold:   41         EV: 12    Int: 18    God:
                   SH:  0    Dex: 13

rFire    + + .     SeeInvis .   b - +0 dagger
rCold    x . .     Faith    .   (no shield)
rNeg     . . .     Spirit   .   a - +0 robe
rPois    ∞         Reflect  .   (no helmet)
rElec    .         Harm     .   (no cloak)
rCorr    .         Rampage  .   (no gloves)
Will     .....                  (boots unavailable)
Stlth    ..........             (no amulet)
HPRegen  0.15/turn              (no ring)
MPRegen  0.00/turn              (no ring)

@: berserking, flying, very quick
A: sickness immunity, fire resistance 2, cold vulnerability 1, float, innate
caster, hp casting, extra vitality 1
a: no special abilities


You were on level 3 of the Dungeon.
You visited 1 branch of the dungeon, and saw 3 of its levels.

You collected 41 gold pieces.

Inventory:

Hand Weapons
 b - a +0 dagger (weapon)
Armour
 a - a +0 robe (worn)
Potions
 c - 2 potions of berserk rage
 d - 2 potions of curing {unknown}
 e - a potion of might {unknown}


   Skills:
 * Level 0.7 Fighting
 + Level 2.2 Dodging
 + Level 1.6 Stealth
 * Level 3.6 Spellcasting


You couldn't memorise any spells.
You knew the following spells:

 Your Spells              Type           Power      Damage    Failure   Level
a - Foxfire               Conj/Fire      64%        2x1d7     3%          1
b - Conjure Flame         Conj/Fire      16%        6-21      10%         3
c - Inner Flame           Hex/Fire       16%        N/A       10%         3
d - Sticky Flame          Conj/Fire      16%        2d4       32%         4
e - Fireball              Conj/Fire      8%         3d6       67%         5
f - Pain                  Necr           64%        1d7       3%          1
Your spell library was empty.

Dungeon Overview and Level Annotations

Branches:
Dungeon (3/15)

Altars:
Qazlal

Annotations:
D:3 Grinder


Innate Abilities, Weirdness & Mutations

You are immune to sickness and miasma.
You are immune to poison.
Your flesh is very heat resistant. (rF++)
You are vulnerable to cold. (rC-)
You float through the air rather than walking.
You learn spells naturally, not from books.
Your magical power is your life essence.
You have superior vitality. (+4 HP)


Message History

The endoplasm hits you.
You fly downwards.
A ball python, a hobgoblin, 2 gnolls and Grinder come into view.
Grinder shouts!
The gnoll shouts!
The ball python hisses angrily.
You hear a shout!
Found 12 gold pieces and an inky potion.
There is a stone staircase leading up here.
You aren't carrying any scrolls.
A gnoll comes into view. It is wielding a +0 spear.
Grinder blinks!
Found 14 gold pieces.
It was a potion of berserk rage.
A red film seems to cover your vision as you go berserk!
You feel yourself moving faster!
You feel mighty! The ball python barely misses you. The ball python grabs you.
The ball python constricts you. The ball python closely misses you.
The ball python constricts you.
Grinder blinks!
You hit the ball python.
You kill the ball python!
The endoplasm hits you. The gnoll completely misses you.
You puncture the gnoll!
The gnoll is heavily wounded.
The endoplasm hits you but does no damage.
The gnoll hits you with a +0 club!
* * * LOW HITPOINT WARNING * * *
The gnoll shouts!
You puncture the gnoll!
You kill the gnoll!
You hit the endoplasm.
The endoplasm is severely wounded.
The endoplasm hits you.
* * * LOW HITPOINT WARNING * * *
You hit the endoplasm.
You kill the endoplasm!
The gnoll barely misses you. The hobgoblin hits you.
* * * LOW HITPOINT WARNING * * *
You hit the hobgoblin.
You kill the hobgoblin!
The gnoll hits you from afar with a +0 spear.
You die...

############
....$.....
.......#
#......#
#......# #.#####
#@#<..#.#
#.5.....#
......g......#
#####.......$#
............
..g.!.........
.............###
#............#
≈≈≈≈..........


You could see Grinder and 2 gnolls.

Vanquished Creatures
  A gnoll (D:3)
  An adder (D:2)
  3 dart slugs
  2 endoplasms
  A giant cockroach (D:2)
  7 goblins
  6 hobgoblins
  3 kobolds
  4 ball pythons
  10 bats
  2 frilled lizards (D:1)
  A rat (D:1)
41 creatures vanquished.

Vanquished Creatures (others)
  182 foxfires
182 creatures vanquished.

Grand Total: 223 creatures vanquished

Notes
Turn   | Place    | Note
-------+----------+-------------------------------------------
     0 | D:1      | robertstho the Djinni Fire Elementalist began the quest for
                  | the Orb.
     0 | D:1      | Reached XP level 1. HP: 15/15 MP: 0/0
   128 | D:1      | Reached XP level 2. HP: 14/21 MP: 0/0
   609 | D:1      | Reached skill level 3 in Spellcasting
  1016 | D:1      | Reached XP level 3. HP: 23/26 MP: 0/0
  1016 | D:1      | Learned a level 1 spell: Pain
  1295 | D:1      | Found a faded altar of an unknown god.
  1928 | D:2      | Found a stormy altar of Qazlal.
  1976 | D:2      | Reached XP level 4. HP: 19/31 MP: 0/0
  2334 | D:3      | Noticed Grinder
  2344 | D:3      | HP: 2/46 [hobgoblin (4)]
  2345 | D:3      | Slain by a gnoll

Illustrated notes

Levels and vault maps discovered:
D:1:      amcnicky_arrival_blooded_trapdoor, layout_rooms,
          chequers_ecumenical_altar_grove
D:2:      minmay_recursive_quarters, layout_basic, basic_altar,
          corexii_item_surrounded_by_moat, minmay_fractal_squares_gapless_5
D:3:      layout_basic, serial_shops, nicolae_shop_waterfront,
          chequers_serial_rivers_large_a, uniq_grinder

Skill      XL: |  1  2 |
---------------+-------+-----
Spellcasting   | 3 |  3.6
Fighting       | |  0.7
Dodging        | |  2.2
Stealth        | |  1.6

Action                   |  1- 3 |  4- 6 || total
-------------------------+-------+-------++-------
Melee: Dagger            |     6 |     6 ||    12
 Cast: Foxfire           |    95 |    18 ||   113
  Use: Potion            |       |     1 ||     1
Armor: Robe              |     4 |     2 ||     6
Dodge: Dodged            |    18 |     5 ||    23

Table legend: (Time is in decaauts)
 A = Elapsed time spent in this place.
 B = Non-inter-level travel time spent in this place.
 C = Inter-level travel time spent in this place.
 D = Time resting spent in this place.
 E = Time spent auto-exploring this place.
 F = Levels seen in this place.
 G = Mean time per level.
                   A        B        C        D        E       F      G
               +--------+--------+--------+--------+--------+-----+--------+
         Total |   2342 |   2324 |     18 |      0 |   2106 |   3 |  780.7 |
       Dungeon |   2342 |   2324 |     18 |      0 |   2106 |   3 |  780.7 |
               +--------+--------+--------+--------+--------+-----+--------+

Top non-repeatable levels by time:
     D:1: 1345 daAuts
     D:2: 987 daAuts
     D:3: 8 daAuts
